 Dungeon Crawl Stone Soup version 0.28.0 (webtiles) character file.

Game seed: 15911971031282585465

2326 funkygono the Firebug (level 9, -8/46 HPs)
             Began as a Gargoyle Fire Elementalist on Feb 12, 2022.
             Was a Follower of Vehumet.
             Mangled by a death yak (19 damage)
             ... on level 8 of the Dungeon.
             The game lasted 00:20:20 (8961 turns).

funkygono the Firebug (Gargoyle Fire Elementalist)  Turns: 8961, Time: 00:20:20

Health: -8/46      AC: 10    Str: 13    XL:     9   Next: 42%
Magic:  12/20      EV: 12    Int: 19    God:    Vehumet [*.....]
Gold:   431        SH:  0    Dex: 12    Spells: 11/22 levels left

rFire   + . .      SeeInvis .   m - +10 falchion "Coyssiuche" {protect, Dex+2}
rCold   x . .      Faith    .   (no shield)
rNeg    + . .      Spirit   .   a - +0 robe
rPois   ∞          Reflect  .   (no helmet)
rElec   +          Harm     .   (no cloak)
rCorr   .          Rampage  .   l - +1 pair of gloves
Will    .....                   (no boots)
Stlth   ++........              (no amulet)
HPRegen 0.15/turn               t - ring of fire
MPRegen 0.17/turn               (no ring)

@: very slightly contaminated
A: sickness immunity, AC +6, negative energy resistance 1, electricity
resistance, torment resistance 1, petrification resistance
a: Renounce Religion


You were on level 8 of the Dungeon.
You worshipped Vehumet.
Vehumet was aware of your devotion.
You visited 2 branches of the dungeon, and saw 9 of its levels.
You also visited: Sewer.

You collected 431 gold pieces.

Inventory:

Hand Weapons
 e - a +0 mace
 i - a +0 whip
 m - the +10 falchion "Coyssiuche" (weapon) {protect, Dex+2}
   (You found it on level 3 of the Dungeon)

   It grants its wielder temporary protection when it strikes (+7 to AC).
   Dex:       It affects your dexterity (+2).
 s - a +3 flail of protection
Missiles
 b - 122 stones
Armour
 a - a +0 robe (worn)
 h - a +0 leather armour
 l - a +1 pair of gloves (worn)
Magical Staves
 j - a staff of fire
Jewellery
 t - a ring of fire (left hand)
Wands
 r - a wand of flame (20)
 u - a wand of paralysis (14)
 w - a wand of charming (6)
 y - a wand of acid (7)
Scrolls
 f - 7 scrolls of identify
 g - 4 scrolls of teleportation
 k - 2 scrolls of amnesia
 p - 3 scrolls of fog
Potions
 c - 9 potions of flight
 d - a potion of resistance
 n - 3 potions of curing
 o - 4 potions of mutation
 q - a potion of brilliance
 v - 3 potions of lignification


   Skills:
 + Level 0.7 Fighting
 + Level 2.2 Dodging
 - Level 2.1 Stealth
 * Level 7.4 Spellcasting
 * Level 6.2 Conjurations
 * Level 7.9 Fire Magic


You had 11 spell levels left.
You knew the following spells:

 Your Spells              Type           Power      Damage    Failure   Level
a - Foxfire               Conj/Fire      100%       2x1d9     1%          1
b - Scorch                Fire           100%       2d10      1%          2
c - Conjure Flame         Conj/Fire      50%        6-21      1%          3
d - Flame Wave            Conj/Fire      50%        2d10      5%          4
e - Sandblast             Erth           14%        2d6       10%         1

Your spell library contained the following spells:

 Spells                   Type           Power      Damage    Failure   Level
 Inner Flame              Hex/Fire       33%        N/A       5%          3
 Wereblood                Tmut           7%         N/A       14%         2
 Tukima's Dance           Hex            7%         N/A       28%         3
 Passage of Golubria      Tloc           7%         N/A       67%         4
 Yara's Violent Unravell  Hex/Tmut       3%         3d4       95%         5
 Summon Hydra             Summ           3%         N/A       100%        7
 Sublimation of Blood     Necr           Unusable   N/A       N/A         2

Dungeon Overview and Level Annotations

Branches:
Dungeon (8/15)             Temple (1/1) D:6           Sewer (visited)
   Lair: D:8-11

Altars:
Ashenzari
Cheibriados
Dithmenos
Elyvilon
Fedhas
Gozag
Makhleb
Nemelex Xobeh
Okawaru
Qazlal
Ru
Sif Muna
Trog
Uskayaw
Vehumet
Wu Jian
Xom
Yredelemnul
Zin

Shops:
D:5 :   D:7 *

Annotations:
D:6 2 transporters


Innate Abilities, Weirdness & Mutations

You are immune to sickness and miasma.
Your stone body is resilient. (AC +6)
You are immune to poison.
You resist negative energy. (rN+)
You are resistant to electric shocks. (rElec)
You are resistant to unholy torment.
You are immune to petrification.


Message History

The flame wave engulfs the death yak!
The death yak is moderately wounded.
The flame wave engulfs the river rat.
You kill the river rat!
Vehumet accepts your kill.
You feel your power returning.
The flame wave engulfs the bullfrog!
You kill the bullfrog!
Vehumet accepts your kill.
You feel your power returning.
The flame wave engulfs the death yak.
The death yak is lightly wounded.
The flame wave engulfs the death yak!!
The death yak is moderately wounded.
You hear a shout!
The death yak closely misses you.
The centaur wields a +0 shortbow.
The centaur shoots an arrow.
The arrow closely misses you.
The arrow hits the death yak!
A killer bee comes into view.
A wave of flame ripples out!
The flame wave engulfs the death yak!
The death yak is moderately wounded.
The flame wave engulfs the death yak!
The death yak is moderately wounded.
The flame wave engulfs the death yak!
The death yak is heavily wounded.
The flame wave engulfs the orc wizard.
The orc wizard is moderately wounded.
The flame wave engulfs the orc!
You kill the orc!
Vehumet accepts your kill.
You feel your power returning.
You finish channelling waves of flame.
You hear a shout!
A killer bee comes into view.
The death yak gores you!
* * * LOW HITPOINT WARNING * * *
The centaur shoots an arrow.
The arrow barely misses you.
The arrow hits the death yak!
An orc priest comes into view. It is wielding a +0 club.
The death yak gores you.
* * * LOW HITPOINT WARNING * * *
The death yak gores you!!
You die...

.#.####.###
......<...##
......(....##
...K........#
............#
#...........#
o#...)oY†...#..
....r)Y@....c..
..#>..Y†...##..
...........#
.........y..#
............#
...........y..
.............##
.............y


You could see 3 death yaks, a centaur, 3 killer bees, an orc priest, an orc
wizard, a kobold and a rat.

Vanquished Creatures
  Edmund (D:6)
  Menkaure (D:6)
  A water moccasin (D:7)
  3 orc warriors
  An ice beast (D:5)
  2 black bears
  2 phantoms
  2 kobold brigands
  2 bullfrogs
  A scorpion (D:4)
  A water moccasin skeleton (D:6)
  4 killer bees (D:7)
  A bullfrog zombie (D:6)
  A centaur zombie (D:5)
  An orc priest (D:6)
  3 hounds
  A jelly (D:6)
  A scorpion zombie (D:5)
  2 iguanas (D:5)
  2 orc wizards
  A hell rat (D:7)
  A killer bee zombie (D:6)
  A hound zombie (D:5)
  7 gnolls
  A howler monkey zombie (D:6)
  A howler monkey skeleton (D:7)
  6 adders
  7 river rats
  2 white imps (D:7)
  2 ufetubi
  A dart slug (D:1)
  3 worms (D:2)
  15 orcs
  12 ball pythons
  4 endoplasms
  5 giant cockroaches
  8 goblins
  8 hobgoblins
  3 jackals (Sewer)
  9 quokkas
  13 bats
  3 frilled lizards
  13 kobolds
  10 rats
169 creatures vanquished.

Vanquished Creatures (collateral kills)
  4 foxfires
4 creatures vanquished.

Vanquished Creatures (others)
  547 foxfires
  2 plants (D:1)
  5 withered plants (D:1)
554 creatures vanquished.

Grand Total: 727 creatures vanquished

Notes
Turn   | Place    | Note
-------+----------+-------------------------------------------
     0 | D:1      | funkygono the Gargoyle Fire Elementalist began the quest
                  | for the Orb.
     0 | D:1      | Reached XP level 1. HP: 10/10 MP: 3/3
   234 | D:1      | Reached XP level 2. HP: 15/15 MP: 0/5
   238 | D:1      | Learned a level 2 spell: Scorch
   452 | D:1      | Found a faded altar of an unknown god.
   815 | D:1      | Reached XP level 3. HP: 9/19 MP: 0/6
   819 | D:1      | Learned a level 3 spell: Conjure Flame
  2264 | D:3      | Reached XP level 4. HP: 24/24 MP: 6/8
  3009 | D:3      | Identified the +10 falchion "Coyssiuche" {protect, Dex+2}
  3180 | D:4      | Noticed a scorpion
  3191 | D:4      | Killed a scorpion
  3192 | D:4      | Reached XP level 5. HP: 24/28 MP: 1/9
  3356 | D:4      | Found a glowing drain.
  3379 | Sewer    | Entered a sewer
  3920 | Sewer    | Reached XP level 6. HP: 32/32 MP: 8/11
  4864 | D:4      | Found a shadowy altar of Dithmenos.
  4864 | D:4      | Found a basalt altar of Yredelemnul.
  4864 | D:4      | Found a hide-covered altar of Uskayaw.
  4868 | D:4      | Found a white marble altar of Elyvilon.
  4869 | D:4      | Found a sacrificial altar of Ru.
  4871 | D:4      | Found a broken altar of Ashenzari.
  4872 | D:4      | Found a snail-covered altar of Cheibriados.
  4875 | D:4      | Found a bloodstained altar of Trog.
  4878 | D:4      | Found a burning altar of Makhleb.
  4879 | D:4      | Found a sparkling altar of Nemelex Xobeh.
  4957 | D:4      | Learned a level 4 spell: Flame Wave
  5089 | D:5      | Entered Level 5 of the Dungeon
  5108 | D:5      | Noticed an ice beast
  5189 | D:5      | Killed an ice beast
  5323 | D:5      | Noticed a black bear
  5328 | D:5      | Killed a black bear
  5329 | D:5      | Reached skill level 5 in Fire Magic
  5329 | D:5      | Reached XP level 7. HP: 36/36 MP: 7/13
  5639 | D:5      | Found Xuvikhle's Book Emporium.
  5711 | D:5      | Reached skill level 5 in Spellcasting
  6087 | D:6      | Reached XP level 8. HP: 16/41 MP: 1/16
  6228 | D:6      | Noticed Menkaure
  6232 | D:6      | Killed Menkaure
  6433 | D:6      | Found a staircase to the Ecumenical Temple.
  6455 | Temple   | Entered the Ecumenical Temple
  6474 | Temple   | Became a worshipper of Vehumet
  6513 | D:6      | Reached skill level 5 in Conjurations
  6652 | D:6      | Noticed Edmund
  6663 | D:6      | Killed Edmund
  6896 | D:6      | Found a transporter.
  6917 | D:6      | Found a transporter.
  7700 | D:7      | Reached XP level 9. HP: 21/46 MP: 4/18
  7910 | D:7      | Reached * piety under Vehumet
  7910 | D:7      | Offered knowledge of Sandblast by Vehumet.
  8130 | D:7      | Found Yqewim's Assorted Antiques.
  8851 | D:7      | Learned a level 1 spell: Sandblast
  8926 | D:8      | Noticed a death yak
  8957 | D:8      | Noticed a death yak
  8957 | D:8      | Noticed a death yak
  8961 | D:8      | Mangled by a death yak

Illustrated notes

Levels and vault maps discovered:
D:1:      zaba_arrival_water, layout_loops_ring,
          shapermc_ecumenical_altar_flowoftime
D:2:      layout_basic
D:3:      layout_basic
D:4:      layout_basic, nicolae_overflow_hallway_of_the_gods,
          gup_sewer_entry_bowl, corexii_shack
D:5:      layout_cave_pools, serial_shops, nicolae_stop_n_shop_1
D:6:      gammafunk_steamed_eel, layout_loops_ring,
          minmay_temple_entry_overgrown, uniq_menkaure, uniq_edmund
D:7:      layout_basic, serial_shops, shop
D:8:      layout_rooms, dpeg_lair_monsters, roderic_lattice_a, st_stairs_2
Temple:   jpeg_temple_island

Skill      XL: |  1  2  3  4  5  6  7  8  9 |
---------------+----------------------------+-----
Conjurations   | 2 3 4 5 6 |  6.2
Spellcasting   | 3 4 5 6 7 |  7.4
Fire Magic     | 4 5 7 |  7.9
Dodging        | 2 |  2.2
Fighting       | |  0.7
Stealth        | |  2.1

Action                   |  1- 3 |  4- 6 |  7- 9 || total
-------------------------+-------+-------+-------++-------
Melee: Mace              |    15 |       |       ||    15
       Whip              |     6 |       |       ||     6
       Staff             |       |     4 |     1 ||     5
       Falchion          |       |       |     1 ||     1
 Cast: Foxfire           |    62 |    90 |   174 ||   326
       Scorch            |     8 |     9 |    19 ||    36
       Conjure Flame     |       |       |     1 ||     1
       Flame Wave        |       |       |     1 ||     1
  Use: Scroll            |     5 |     4 |     5 ||    14
Armor: Robe              |       |    11 |    42 ||    53
Dodge: Dodged            |     7 |    29 |    77 ||   113
